 Dungeon Sprint DCSS version 0.21.1-1-g345015f (webtiles) character file.

790 Mgcat the Fighter (level 7, -10/81 HPs)
             Began as a Troll Berserker on Feb 8, 2018.
             Was an Elder of Makhleb.
             Mangled by a shadow wraith (11 damage)
             ... summoned by a mummy priest
             ... in the Dungeon (Sprint V: "Ziggurat Sprint").
             The game lasted 00:05:27 (421 turns).

Mgcat the Fighter (Troll Berserker)                  Turns: 421, Time: 00:05:28

Health: -10/81     AC: 23    Str: 37    XL:     7   Next: 57%
Magic:  10/10      EV:  8    Int:  3    God:    Makhleb [****..]
Gold:   0          SH:  6    Dex: 17    Spells: 6/6 levels left

rFire    + + +     SeeInvis .   M - +7 great mace "Firestarter" {inner flame, rF++}
rCold    + . .     Gourm    +   (shield currently unavailable)
rNeg     . . .     Faith    .   a - +5 gold dragon scales
rPois    +         Spirit   .   (helmet restricted)
rElec    .         Reflect  +   (no cloak)
rCorr    .         Harm     .   (gloves unavailable)
MR       .....     NoTele   +   (boots unavailable)
Stlth    ..........             b - +6 amulet of reflection
HPRegen  0.63/turn              y - +6 ring of strength
MPRegen  0.12/turn              u - +6 ring of dexterity

@: mighty, hasted and slowed
A: large, unfitting armour, claws 3, fast metabolism 3, gourmand, regeneration
1, shaggy fur 1, tough skin 2
a: Minor Destruction, Lesser Servant of Makhleb, Major Destruction, Renounce
Religion


You were in the Dungeon.
You worshipped Makhleb.
Makhleb was greatly pleased with you.
You were not hungry.

You visited 1 branch

Inventory:

Hand Weapons
 M - the +7 great mace "Firestarter" (weapon) {inner flame, rF++}
   (You found it in the Dungeon)

   It has been specially enchanted to burn those struck by it, causing extra
   injury to most foes and up to half again as much damage against particularly
   susceptible opponents.
   It greatly protects you from fire.
Armour
 a - +5 gold dragon scales (worn)
   (You found it in the Dungeon)
Jewellery
 b - a +6 amulet of reflection (around neck)
   (You found it in the Dungeon)
 u - a +6 ring of dexterity (right claw)
   (You found it in the Dungeon)
 y - a +6 ring of strength (left claw)
   (You found it in the Dungeon)
Wands
 C - a wand of disintegration (7)
   (You found it in the Dungeon)
 D - a wand of iceblast (7)
   (You found it in the Dungeon)
 E - a wand of acid (7)
   (You found it in the Dungeon)
Scrolls
 i - 4 scrolls of blinking {!r}
 p - 7 scrolls of fog
 q - a scroll of holy word {!r}
 r - 5 scrolls of identify
 s - 5 scrolls of remove curse
 t - 2 scrolls of fear
 F - 4 scrolls of amnesia
Potions
 d - 9 potions of curing
 f - 5 potions of haste
 g - 7 potions of magic
 h - 3 potions of berserk rage {!q}
 j - 2 potions of brilliance
 k - 2 potions of invisibility
 l - 4 potions of resistance
 n - 5 potions of agility
 o - 4 potions of might
Miscellaneous
 m - a box of beasts
 A - a lightning rod (4/4)
   (You found it in the Dungeon)
 B - a crystal ball of energy
   (You found it in the Dungeon)
Comestibles
 c - 8 rations


   Skills:
 + Level 8.9 Fighting
 + Level 6.8 Maces & Flails
 + Level 5.5 Armour
 + Level 6.2 Dodging
 + Level 6.1 Invocations


You had 6 spell levels left.
You didn't know any spells.

Dungeon Overview and Level Annotations

Branches:
Dungeon (1/1)

Altars:
Ashenzari
Cheibriados
Dithmenos
Elyvilon
Fedhas
Gozag
Hepliaklqana
Kikubaaqudgha
Makhleb
Nemelex Xobeh
Okawaru
Qazlal
Ru
Sif Muna
Trog
Uskayaw
Vehumet
Wu Jian
Xom
Yredelemnul
Zin
The Shining One
Beogh
Jiyva
Lugonu

Annotations:
D 1 transporter


Innate Abilities, Weirdness & Mutations

You are too large for most types of armour.
You have claws for hands.
Your metabolism is lightning-fast.
You like to eat raw meat.
Your natural rate of healing is unusually fast.
You are covered in fur. (AC +1)
You have very tough skin. (AC +2)


Message History

You sock the mummy priest! You burn the mummy priest.
The mummy priest is filled with an inner flame.
The mummy priest is moderately damaged.
The mummy priest utters an invocation to its god.
The guardian mummy hits you!
* * * LOW HITPOINT WARNING * * *
You feel much better.
The mummy priest hits you with an uncursed staff of air.
You are electrocuted!
You block the guardian mummy's attack.
The jiangshi claws you but does no damage.
You block the jiangshi's attack.
You bludgeon the mummy priest!! You burn the mummy priest!
The mummy priest is almost destroyed.
The jiangshi claws you.
The jiangshi draws strength from your injuries!
You block the jiangshi's attack.
The guardian mummy hits you but does no damage.
The jiangshi claws you but does no damage.
The jiangshi claws you!
* * * LOW HITPOINT WARNING * * *
The jiangshi draws strength from your injuries!
The mummy priest hits you but does no damage.
Something hits you!
* * * LOW HITPOINT WARNING * * *
Something drains your vigour!
You feel yourself slow down.
Deactivating autopickup; reactivate with Ctrl-A.
You feel much better. You block the jiangshi's attack.
The jiangshi claws you but does no damage. x3
Something hits you but does no damage.
The guardian mummy hits you but does no damage.
You block the mummy priest's attack. The jiangshi barely misses you.
The jiangshi claws you but does no damage.
You feel much better. Something hits you! Something drains your vigour!
You feel as though you will be slow longer.
The shadow barely misses you.
The guardian mummy hits you but does no damage.
The mummy priest prays to its god.
Something hits you. Something drains your vigour!
You feel as though you will be slow longer.
The shadow slips into darkness.
The shadow flickers and vanishes!
You feel much better. You block the guardian mummy's attack.
The jiangshi barely misses you.
The jiangshi claws you but does no damage.
The mummy priest mumbles some strange prayers to its god against you.
Something smites you! Something hits you but does no damage.
The phantasmal warrior blinks!
The guardian mummy hits you! The jiangshi barely misses you.
You block the jiangshi's attack.
The shadow strikes at you from the darkness!
Reactivating autopickup.
You feel yourself speed up.
The mummy priest's inner flame fades away.
The spectral bat hits you but does no damage.
The jiangshi barely misses you. The jiangshi claws you.
The jiangshi draws strength from your injuries!
Something hits you but does no damage.
Deactivating autopickup; reactivate with Ctrl-A.
The spectral bat closely misses you.
The mummy priest hits you with an uncursed staff of air!
You are electrocuted!
* * * LOW HITPOINT WARNING * * *
You block the jiangshi's attack. x2; The shadow hits you.
The guardian mummy hits you!
* * * LOW HITPOINT WARNING * * *
Something hits you.
* * * LOW HITPOINT WARNING * * *
Something drains your vigour!
You feel as though you will be slow longer.
The spectral bat hits you but does no damage.
You feel much better.
The spectral bat hits you but does no damage.
The jiangshi claws you!
* * * LOW HITPOINT WARNING * * *
The jiangshi draws strength from your injuries!
You block the jiangshi's attack. The spectral bat barely misses you.
The mummy priest hits you with an uncursed staff of air!
* * * LOW HITPOINT WARNING * * *
The shadow slips into darkness.
The shadow flickers and vanishes!
The jiangshi claws you but does no damage. x2
Something hits you but does no damage. The spectral bat closely misses you.
The guardian mummy closely misses you.
You feel better. The spectral bat completely misses you.
The jiangshi completely misses you.
The jiangshi claws you but does no damage.
The spectral bat hits you but does no damage.
The shadow strikes at you from the darkness!
Reactivating autopickup.
The mummy priest hits you with an uncursed staff of air!
* * * LOW HITPOINT WARNING * * *
You are electrocuted!
* * * LOW HITPOINT WARNING * * *
The jiangshi claws you.
* * * LOW HITPOINT WARNING * * *
The jiangshi draws strength from your injuries!
The jiangshi claws you!
* * * LOW HITPOINT WARNING * * *
The jiangshi draws strength from your injuries!
Something hits you!
You die...

▓.....▓.....▓..©..▓
▓..©..▓..©..▓▓▓▓▓▓▓
▓▓▓▓▓▓▓▓▓▓▓▓▓▓▓▓▓▓▓
▓..8©8...▓..8©8...▓
▓..["|...▓..[))...▓
▓...|....▓....[...▓
▓........▓.WW.....▓
▓........▓.MM.....▓
▓.▓....▓.▓Z▓@V..▓.▓
▓...©....▓.zW©....▓
▓▓▓▓▓▓▓▓▓▓▓▓▓▓▓▓▓▓▓


You could see a mummy priest, a jiangshi, a phantasmal warrior, a guardian
mummy, a freezing wraith, a shadow and a flying skull.

Vanquished Creatures
  2 air elementals (D)
  2 golden eyes (D)
  2 scorpions (D)
  A jelly (D)
  An orc priest (D)
  An orc wizard (D)
  A mummy (D)
  An ooze (D)
  An adder simulacrum (D)
  An orc (D)
  A bat zombie (D)
14 creatures vanquished.

Vanquished Creatures (others)
  2 spatial maelstroms (D)
  2 insubstantial wisps (D)
4 creatures vanquished.

Grand Total: 18 creatures vanquished

Notes
Turn   | Place    | Note
-------+----------+-------------------------------------------
     0 | D        | Found the +6 Majin-Bo {vamp, Archmagi MP+6 Int+6}
     0 | D        | Found the +7 great mace "Firestarter" {inner flame, rF++}
     0 | D        | Mgcat the Troll Berserker began the quest for the Orb.
     0 | D        | Reached XP level 1. HP: 22/22 MP: 0/0
     0 | D        | Found a deep blue altar of Sif Muna.
     0 | D        | Found a sacrificial altar of Ru.
     0 | D        | Found a bloodstained altar of Trog.
     0 | D        | Found a stormy altar of Qazlal.
     0 | D        | Found an iron altar of Okawaru.
     0 | D        | Found a sparkling altar of Nemelex Xobeh.
     0 | D        | Found a blossoming altar of Fedhas.
     0 | D        | Banished a spatial maelstrom
     2 | D        | Found a transporter.
     2 | D        | Found an ancient bone altar of Kikubaaqudgha.
     2 | D        | Found a viscous altar of Jiyva.
     2 | D        | Found a corrupted altar of Lugonu.
     2 | D        | Found a hazy altar of Hepliaklqana.
     2 | D        | Found a burning altar of Makhleb.
     2 | D        | Found an opulent altar of Gozag.
     4 | D        | Banished a spatial maelstrom
    23 | D        | Found the +9 heavy crossbow "Sniper" {velocity, Acc+∞ SInv}
    23 | D        | Found the +10 dark maul {crush}
    23 | D        | Found the +15 Maxwell's patent armour {-Cast -Tele rElec MR+ rCorr}
    23 | D        | Found the +18 shield of the Gong {rElec rN+ MR+ EV-5}
    23 | D        | Found the cursed +14 obsidian axe {chop, +Fly SInv *Curse}
    25 | D        | Found the +6 shillelagh "Devastator" {shatter}
    25 | D        | Found the +11 plutonium sword {*Contam Stlth-}
    25 | D        | Found the +8 lance "Wyrmbane" {slay drac, rPois rF+ rC+ AC+3}
    25 | D        | Found the +9 sword of Zonguldrok {reap}
    25 | D        | Found the cursed +13 scythe of Curses {drain, *Curse}
    25 | D        | Found the +0 sword of Power
    25 | D        | Found the +1 mace of Variability {chaos}
    25 | D        | Found the +7 Singing Sword
    25 | D        | Found the +7 longbow "Piercer" {penet, EV-2}
   125 | D        | Fell from the grace of Trog
   125 | D        | Became a worshipper of Makhleb the Destroyer
   143 | D        | Reached skill level 6 in Fighting
   143 | D        | Reached XP level 2. HP: 37/37 MP: 1/1
   147 | D        | Entered arena 2.
   147 | D        | Noticed a scorpion
   147 | D        | Noticed a scorpion
   147 | D        | Found a transporter.
   149 | D        | Killed a scorpion
   149 | D        | Reached skill level 7 in Fighting
   149 | D        | Reached skill level 3 in Maces & Flails
   149 | D        | Reached skill level 1 in Armour
   149 | D        | Reached skill level 3 in Dodging
   149 | D        | Reached skill level 1 in Invocations
   149 | D        | Reached XP level 3. HP: 46/46 MP: 1/3
   155 | D        | Killed a scorpion
   155 | D        | Reached skill level 2 in Armour
   155 | D        | Reached skill level 2 in Invocations
   155 | D        | Reached XP level 4. HP: 45/55 MP: 1/4
   180 | D        | Entered arena 3.
   180 | D        | Found a transporter.
   183 | D        | Reached * piety under Makhleb
   183 | D        | Reached skill level 4 in Maces & Flails
   183 | D        | Reached skill level 3 in Invocations
   184 | D        | Reached skill level 3 in Armour
   184 | D        | Reached skill level 4 in Dodging
   184 | D        | Reached XP level 5. HP: 62/62 MP: 4/6
   199 | D        | Entered arena 4.
   199 | D        | Noticed a golden eye
   199 | D        | Found a transporter.
   199 | D        | Noticed a golden eye
   202 | D        | Reached ** piety under Makhleb
   222 | D        | Killed a golden eye
   222 | D        | Reached skill level 8 in Fighting
   222 | D        | Reached skill level 5 in Maces & Flails
   222 | D        | Reached skill level 4 in Armour
   222 | D        | Reached skill level 5 in Dodging
   222 | D        | Reached skill level 4 in Invocations
   222 | D        | Reached XP level 6. HP: 72/72 MP: 6/8
   262 | D        | Killed a golden eye
   262 | D        | Reached skill level 5 in Invocations
   309 | D        | Entered arena 5.
   309 | D        | Noticed an insubstantial wisp
   309 | D        | Noticed an air elemental
   309 | D        | Noticed an air elemental
   309 | D        | Noticed an insubstantial wisp
   309 | D        | Found a transporter.
   312 | D        | Killed an insubstantial wisp
   312 | D        | Killed an insubstantial wisp
   313 | D        | Killed an air elemental
   313 | D        | HP: 18/74 [air elemental/exploding inner flame[the player character] (7)]
   313 | D        | Reached *** piety under Makhleb
   313 | D        | Reached skill level 6 in Maces & Flails
   313 | D        | Reached skill level 5 in Armour
   313 | D        | Reached XP level 7. HP: 20/81 MP: 8/10
   321 | D        | Killed an air elemental
   321 | D        | Reached skill level 6 in Dodging
   321 | D        | Reached skill level 6 in Invocations
   397 | D        | Entered arena 6.
   397 | D        | Noticed a guardian mummy
   397 | D        | Noticed a mummy priest
   397 | D        | Found a transporter.
   406 | D        | HP: 14/81 [guardian mummy (16)]
   411 | D        | Reached **** piety under Makhleb
   413 | D        | HP: 12/81 [guardian mummy (15)]
   414 | D        | Noticed a jiangshi
   415 | D        | Noticed a shadow
   418 | D        | Noticed a freezing wraith
   418 | D        | Noticed a phantasmal warrior
   418 | D        | Noticed a flying skull
   419 | D        | HP: 6/81 [guardian mummy (15)]
   419 | D        | HP: 2/81 [something (4)]
   421 | D        | Mangled by a shadow wraith

Skill      XL: |  1  2  3  4  5  6  7 |
---------------+----------------------+-----
Fighting       | 6 7 8 |  8.9
Maces & Flails | 3 4 5 6 |  6.8
Armour         | 1 2 3 4 5 |  5.5
Dodging        | 3 4 5 6 |  6.2
Invocations    | 1 2 3 4 5 6 |  6.1

Action                   |  1- 3 |  4- 6 |  7- 9 || total
-------------------------+-------+-------+-------++-------
Melee: Great mace        |     7 |    28 |    18 ||    53
  Use: Potion            |     1 |       |    13 ||    14
  Eat: Chunk             |       |     1 |       ||     1
Armor: Gold dragon scale |     5 |    15 |    63 ||    83
Dodge: Dodged            |     3 |     3 |    26 ||    32
Block: Other             |       |     2 |    26 ||    28

Vault maps used:
D:        sprint_v

Table legend:
 A = Turns spent in this place as a percentage of turns spent in the entire game.
 B = Non-inter-level travel turns spent in this place as a percentage of non-inter-level travel turns spent in the entire game.
 C = Inter-level travel turns spent in this place as a percentage of turns spent in this place.
 D = Turns resting spent in this place as a percentage of non-inter-level travel turns spent in this place.
 E = Turns spent auto-exploring this place as a percentage of non-inter-level travel turns spent in this place.
 F = Non-inter-level travel turns spent in this place divided by the number of levels of this place that you've seen.
                   A       B       C       D       E      F
               +-------+-------+-------+-------+-------+----------------------
         Total | 100.0 | 100.0 |   0.0 |  10.7 |  19.0 | 421.0
       Dungeon | 100.0 | 100.0 |   0.0 |  10.7 |  19.0 | 421.0
               +-------+-------+-------+-------+-------+----------------------

Table legend:
 A = Kills in this place as a percentage of kills in entire the game.
 B = Kills by you in this place as a percentage of kills by you in the entire game.
 C = Kills by friends in this place as a percentage of kills by friends in the entire game.
 D = Other kills in this place as a percentage of other kills in the entire game.
 E = Experience gained in this place as a percentage of experience gained in the entire game.
 F = Experience gained in this place divided by the number of levels of this place that you have seen.
                   A       B       C       D       E      F
               +-------+-------+-------+-------+-------+----------------------
         Total | 100.0 | 100.0 |   N/A |   N/A | 100.0 | 1117.0
       Dungeon | 100.0 | 100.0 |   N/A |   N/A | 100.0 | 1117.0
               +-------+-------+-------+-------+-------+----------------------
